 Dungeon Sprint DCSS version 0.29.1-13-g9f3cf754e1 (webtiles) character file.

Game seed: 3566730781641099207

6 Groucho the Digger (level 1, 0/9 HPs)
             Began as a Spriggan Earth Elementalist on Feb 5, 2023.
             Was an Initiate of Vehumet.
             Slain by an ufetubus (3 damage)
             ... in the Dungeon (Sprint VII: "The Pits").
             The game lasted 00:01:35 (1002 turns).

Groucho the Digger (Spriggan Earth Elementalist)    Turns: 1002, Time: 00:01:36

Health: 0/9        AC:  2    Str:  4    XL:     1   Next: 75%
Magic:  2/5        EV: 18    Int: 16    God:    Vehumet [......]
Gold:   0          SH:  0    Dex: 15    Spells: 5/6 levels left

rFire   . . .      SeeInvis +   h - +2 quarterstaff
rCold   . . .      Faith    .   (shield currently unavailable)
rNeg    . . .      Spirit   .   a - +0 robe
rPois   .          Reflect  .   (helmet restricted)
rElec   .          Harm     .   (no cloak)
rCorr   .          Rampage  .   (gloves unavailable)
Will    .....      NoTele   +   (boots unavailable)
Stlth   ++........              (no amulet)
HPRegen 0.03/turn               (no ring)
MPRegen 0.09/turn               (no ring)

@: very quick
A: very small, no large weapons, unfitting armour, see invisible, speed 3
a: Renounce Religion


You were in the Dungeon.
You worshipped Vehumet.
Vehumet was noncommittal.
You visited 1 branch

Inventory:

Hand Weapons
 h - a +2 quarterstaff (weapon)
Missiles
 l - 10 stones
Armour
 a - a +0 robe (worn)
Scrolls
 g - a scroll of blinking
 j - 5 scrolls of amnesia
 k - a scroll of summoning
Potions
 b - 5 potions of magic
 c - a potion of curing
 d - a potion of heal wounds
 e - a potion of haste
 f - 3 potions of berserk rage
 i - 2 potions of invisibility


   Skills:
 + Level 3.4 Dodging
 - Level 3.0 Stealth
 + Level 3.3 Spellcasting
 + Level 2.4 Transmutations
 * Level 3.4 Earth Magic


You had 5 spell levels left.
You knew the following spells:

 Your Spells              Type           Power      Damage    Failure   Level
a - Sandblast             Erth           26%        2d8       4%          1

Your spell library contained the following spells:

 Spells                   Type           Power      Damage    Failure   Level
 Passwall                 Tmut/Erth      10%        N/A       9%          2
 Stone Arrow              Conj/Erth      16%        3d8       26%         3
 Petrify                  Tmut/Erth      12%        N/A       47%         4


Dungeon Overview and Level Annotations

Branches:
Dungeon (1/1)

Altars:
Ashenzari
Cheibriados
Dithmenos
Elyvilon
Fedhas
Gozag
Hepliaklqana
Kikubaaqudgha
Makhleb
Nemelex Xobeh
Okawaru
Qazlal
Ru
Sif Muna
Trog
Uskayaw
Vehumet
Wu Jian
Xom
Yredelemnul
Zin
The Shining One
Jiyva
Lugonu


Innate Abilities, Weirdness & Mutations

You are very small and have problems with some larger weapons.
You are too small for most types of armour.
You have supernaturally acute eyesight. (SInv)
You cover ground extremely quickly. (Speed+++)


Message History

Press < or > to pray at altars.
There is an ornate altar of the Wu Jian Council here.
There is a shimmering altar of Xom here.
There is a basalt altar of Yredelemnul here.
There is a glowing silver altar of Zin here.
There is a glowing golden altar of the Shining One here.
There is an open door to the Temple (Safe) here.
Okay, then.
You open the door.
A frilled lizard comes into view.
Casting: Sandblast (safe; 4% risk of failure)
Confirm with . or Enter, or press ? or * to list all spells.
Aiming: Sandblast (safe; 4% risk of failure)
Press: ? - help, Shift-Dir - straight line, f - frilled lizard
Aim: a frilled lizard (asleep, 100% to hit)
The blast of sand hits the frilled lizard!
You kill the frilled lizard!
Vehumet accepts your kill.
Unknown command.
An ufetubus comes into view.
There is an open door here.
Casting: Sandblast (safe; 4% risk of failure)
Confirm with . or Enter, or press ? or * to list all spells.
Aiming: Sandblast (safe; 4% risk of failure)
Press: ? - help, Shift-Dir - straight line, f - ufetubus
Aim: an ufetubus (asleep, 100% to hit)
The blast of sand hits the ufetubus.
The ufetubus is moderately wounded.
The ufetubus shouts!
Casting: Sandblast (safe; 4% risk of failure)
Confirm with . or Enter, or press ? or * to list all spells.
Aiming: Sandblast (safe; 4% risk of failure)
Press: ? - help, Shift-Dir - straight line, f/p - ufetubus
Aim: an ufetubus (moderately wounded, 70% to hit)
The blast of sand hits the ufetubus.
The ufetubus is heavily wounded.
The ufetubus barely misses you. The ufetubus hits you. The ufetubus misses you.
The ufetubus hits you but does no damage.
The ufetubus hits you. x2
You die...

############
#_________.#
#_________.#
#_______...###########++
##########'##...........
#.?..')))'.##......#..#.
##########.##...........
#...........'...........
#+#####@#####......#..#.
#..5..##...........
#####+#####'#####++
#.......# #.......#
#.......# #...<...#
#.......# #.......#


You could see an ufetubus.

Vanquished Creatures
  4 jackals (D)
  A frilled lizard (D)
5 creatures vanquished.

Notes
Turn   | Place    | Note
-------+----------+-------------------------------------------
     0 | D        | Groucho the Spriggan Earth Elementalist began the quest for
                  | the Orb.
     0 | D        | Reached XP level 1. HP: 9/9 MP: 5/5
   967 | D        | Found a bloodstained altar of Trog.
   967 | D        | Found a shimmering blue altar of Sif Muna.
   967 | D        | Found a viscous altar of Jiyva.
   967 | D        | Found a hazy altar of Hepliaklqana.
   967 | D        | Found an opulent altar of Gozag.
   968 | D        | Found a glowing golden altar of the Shining One.
   968 | D        | Found a glowing silver altar of Zin.
   968 | D        | Found a basalt altar of Yredelemnul.
   968 | D        | Found a shimmering altar of Xom.
   968 | D        | Found an ornate altar of the Wu Jian Council.
   968 | D        | Found a sacrificial altar of Ru.
   968 | D        | Found a stormy altar of Qazlal.
   968 | D        | Found an iron altar of Okawaru.
   968 | D        | Found a sparkling altar of Nemelex Xobeh.
   968 | D        | Found a burning altar of Makhleb.
   968 | D        | Found a blossoming altar of Fedhas.
   968 | D        | Found a white marble altar of Elyvilon.
   968 | D        | Found a shadowy altar of Dithmenos.
   968 | D        | Found a snail-covered altar of Cheibriados.
   970 | D        | Found a radiant altar of Vehumet.
   970 | D        | Found a corrupted altar of Lugonu.
   971 | D        | Found a hide-covered altar of Uskayaw.
   971 | D        | Found an ancient bone altar of Kikubaaqudgha.
   971 | D        | Found a broken altar of Ashenzari.
   980 | D        | Became a worshipper of Vehumet
  1002 | D        | Slain by an ufetubus

Illustrated notes

Levels and vault maps discovered:
D:        pitsprint [storerooms_1, entrance_room_1, metal_vault_2, armoury_2,
          mini_pit_1, grid_room_1, main_hall_1, silver_pit, the_coven_2,
          the_vestibule_1, steel_vault_3, golden_pit, hallway_of_sentries,
          crystal_vault_1, iron_vault_4, final_vault]

Skill      XL: |  1 |
---------------+----+-----
Dodging        | 3 |  3.4
Earth Magic    | 3 |  3.4
Spellcasting   | 3 |  3.3
Transmutations | 2 |  2.4
Stealth        | |  3.0

Action                   || total
-------------------------++-------
 Cast: Sandblast         ||    16
Armor: Robe              ||     2
Dodge: Dodged            ||    12
